Map: [ESL] Crimson Court

Players

MeomaikA

  • Race: Zerg Zerg
  • Spawn Location: 7:00

Cyan - Winner!

  • Race: Protoss Protoss
  • Spawn Location: 1:00

Event: ESL SC2 Masters 2024 Spring (Regional)

VOD

Have the link to the VOD?

Description

Time

  • Played on: April 21, 2024, 8:03 a.m.
  • Length: 6:39

All games in this series

Show
View Real Time Build Order
Export as new Build Order

MeomaikA Zerg 

Build Orders: Pool First 

Get SALT Encoding   

  12  0:00  Drone  
  13  0:12  Overlord  
  13  0:16  Drone  
  14  0:30  Drone x2  
  14  0:35  Drone  
  17  0:45  Spawning Pool  
  17  0:48  Drone  
  17  1:08  Drone  
  18  1:15  Extractor  
  18  1:16  Drone, Hatchery  
  17  1:31  Zergling x4, Queen  
  21  1:39  Drone  
  22  1:49  Overlord  
  22  2:07  Queen  
  24  2:09  Drone  
  24  2:11  Drone  
  24  2:14  Metabolic Boost  
  26  2:23  Drone  
  27  2:31  Drone  
  27  2:33  Drone  
  27  2:39  Drone  
  27  2:41  Drone  
  27  2:43  Drone x2  
  31  2:53  Zergling x2, Hatchery  
  31  2:57  Overlord  
  31  3:00  Drone  
  31  3:02  Drone  
  33  3:10  Lair  
  33  3:13  Extractor, Drone  
  33  3:16  Drone  
  33  3:18  Drone  
  35  3:20  Drone  
  35  3:22  Drone  
  35  3:25  Drone  
  35  3:26  Drone  
  39  3:29  Drone  
  39  3:34  Overlord  
  40  3:38  Drone x2  
  42  3:41  Overlord  
  42  3:48  Zergling x4  
  42  3:49  Spore Crawler  
  42  3:51  Spore Crawler  
  42  3:53  Zergling x2  
  42  3:55  Zergling x2  
  44  3:57  Zergling x2  
  44  3:59  Zergling x2  
  44  4:01  Zergling x2  
  47  4:04  Zergling x2  
  47  4:06  Zergling x2  
  49  4:12  Zergling x2  
  49  4:13  Zergling x2  
  46  4:19  Zergling x2  
  46  4:21  Zergling x6  
  47  4:27  Hydralisk Den  
  47  4:30  Zergling x10  
  51  4:35  Drone x2  
  51  4:36  Drone  
  51  4:46  Overlord  
  50  4:56  Hydralisk x4  
  50  4:58  Grooved Spines  
  58  5:02  Hydralisk  
  58  5:06  Hydralisk  
  62  5:10  Hydralisk  
  62  5:13  Hydralisk  
  66  5:17  Hydralisk  
  66  5:20  Overseer  
  68  5:24  Zergling x2  
  68  5:25  Zergling x4  
  70  5:29  Hydralisk  
  72  5:38  Overlord x2  
  72  5:39  Zergling x2  
  72  5:40  Overseer  
  72  5:57  Hydralisk  
  72  5:58  Hydralisk x2  
  72  6:00  Zergling x12  
  72  6:01  Zergling x2  
  72  6:03  Zergling x2  
  86  6:04  Zergling x2  
  86  6:09  Zergling x2  
  86  6:11  Zergling x2  
  89  6:14  Zergling x2  
  79  6:20  Zergling x2  
  79  6:21  Zergling x2  
Show
View Real Time Build Order
Export as new Build Order

Cyan Protoss - Winner!

Build Orders: 1 Gate Expand 

Get SALT Encoding   

  12  0:00  Probe  
  13  0:12  Probe  
  14  0:18  Pylon  
  14  0:24  Probe (Chrono Boost)  
  15  0:36  Probe (Chrono Boost)  
  15  0:38  Gateway  
  16  0:45  Probe (Chrono Boost)  
  16  0:47  Assimilator  
  17  0:51  Probe  
  18  1:03  Probe  
  19  1:15  Probe  
  20  1:26  Cybernetics Core  
  20  1:32  Nexus  
  20  1:36  Probe  
  21  1:42  Pylon  
  21  1:48  Probe  
  22  1:54  Gateway  
  22  2:00  Probe, Adept (Chrono Boost)  
  23  2:04  Warp Gate (Chrono Boost)  
  25  2:14  Probe  
  26  2:24  Stalker  
  26  2:27  Probe  
  28  2:39  Probe  
  28  2:40  Probe  
  28  2:43  Adept  
  30  2:48  Probe, Gateway  
  31  2:51  Probe  
  33  2:59  Probe, Adept  
  33  3:03  Probe  
  37  3:11  Probe  
  38  3:15  Probe  
  39  3:23  Probe  
  39  3:25  Pylon  
  40  3:28  Probe  
  41  3:35  Probe  
  41  3:38  Adept x2  
  46  3:43  Pylon, Probe, Adept  
  46  3:47  Probe  
  50  3:55  Probe, Nexus  
  51  3:59  Probe  
  51  4:00  Assimilator  
  52  4:07  Twilight Council, Probe  
  53  4:18  Forge, Probe  
  50  4:30  Gateway  
  50  4:32  Gateway  
  50  4:33  Zealot, Sentry  
  50  4:35  Gateway  
  50  4:37  Zealot  
  56  4:39  Probe  
  56  4:40  Probe  
  56  4:43  Charge (Chrono Boost)  
  56  4:46  Protoss Ground Weapons Level 1 (Chrono Boost), Gateway  
  56  4:52  Shield Battery, Probe  
  53  5:00  Gateway  
  53  5:04  Probe  
  53  5:06  Probe  
  55  5:07  Probe  
  55  5:08  Zealot  
  55  5:12  Zealot  
  60  5:16  Probe  
  61  5:24  Pylon  
  61  5:28  Zealot x4  
  61  5:30  Probe  
  61  5:34  Probe x2  
  72  5:39  Shield Battery  
  72  5:43  Shield Battery  
  72  5:44  Zealot, Sentry  
  72  5:45  Zealot  
  78  5:51  Zealot x2, Adept  
  78  5:57  Shield Battery  
  84  5:58  Pylon  
  84  5:59  Pylon  
  84  6:06  Pylon  
  84  6:16  Zealot x4  
  84  6:17  Zealot x2  
  90  6:20  Zealot x2  
Tags
 
Add a new tag
Caveats
  • Supply blocks, unpowered buildings, or Contaminate may cause inaccurate times.
  • Supply counts are checked every 10 seconds.